 Dungeon Crawl Stone Soup version 0.23.2 (webtiles) character file.

Game seed: 5558264244875061462

80 cklessthan3 the Stinger (level 4, 35/36 HPs)
             Began as a Naga Venom Mage on Mar 31, 2019.
             Was an Initiate of Trog.
             Quit the game on level 2 of the Dungeon.
             The game lasted 00:08:22 (1471 turns).

cklessthan3 the Stinger (Naga Venom Mage)           Turns: 1471, Time: 00:08:24

Health: 35/36      AC:  4    Str: 11    XL:     4   Next: 39%
Magic:  7/7        EV: 10    Int: 16    God:    Trog [......]
Gold:   86         SH:  0    Dex: 11    Spells: 6/7 levels left

rFire    . . .     SeeInvis +   g - +1 spear (venom)
rCold    . . .     Gourm    .   (no shield)
rNeg     . . .     Faith    .   a - +0 robe
rPois    +         Spirit   .   (no helmet)
rElec    .         Reflect  .   j - +0 cloak
rCorr    .         Harm     .   q - +0 pair of gloves
MR       .....                  (no barding)
Stlth    ++........             (no amulet)
HPRegen  0.12/turn              (no ring)
MPRegen  0.10/turn              (no ring)

@: very slow
A: large, see invisible, deformed body, poison resistance, slowness 2, slow
metabolism 1, spit poison 1, AC +1
a: Spit Poison, Renounce Religion


You were on level 2 of the Dungeon.
You worshipped Trog.
Trog was noncommittal.
You were not hungry.

You visited 1 branch of the dungeon, and saw 2 of its levels.

You collected 86 gold pieces.

Inventory:

Hand Weapons
 e - a +2 hand axe of electrocution
 g - a +1 spear of venom (weapon)
Missiles
 p - 28 stones (quivered)
Armour
 a - a +0 robe (worn)
 j - a +0 cloak (worn)
 q - a +0 pair of gloves (worn)
Scrolls
 b - 4 scrolls of remove curse
 d - a scroll of teleportation
 m - a scroll of immolation {unknown}
 n - a scroll of amnesia {unknown}
 o - a scroll of blinking {unknown}
Potions
 f - 3 potions of heal wounds {unknown}
 h - a potion of degeneration {unknown}
 i - a potion of mutation {unknown}
 k - a potion of magic {unknown}
 l - a potion of curing {unknown}
Comestibles
 c - a ration


   Skills:
 + Level 0.1 Fighting
 + Level 0.4 Polearms
 + Level 1.9 Dodging
 + Level 3.5 Stealth
 + Level 0.2 Unarmed Combat
 - Level 2.4 Spellcasting
 - Level 1.2 Conjurations
 - Level 5.5 Poison Magic


You had 6 spell levels left.
You knew the following spells:

 Your Spells              Type           Power        Failure   Level  Hunger
a - Sting                 Conj/Pois      ##..         4%          1    #......

Your spell library contained the following spells:

 Spells                   Type           Power        Failure   Level  Hunger
 Poisonous Vapours        Pois/Air       ##....       10%         2    ###....
 Olgreb's Toxic Radiance  Pois           ###.....     21%         4    #####..
 Mephitic Cloud           Conj/Pois/Air  #.......     24%         3    ###....
 Venom Bolt               Conj/Pois      ##........   80%         5    ######.


Dungeon Overview and Level Annotations

Branches:
Dungeon (2/15)

Altars:
Trog


Innate Abilities, Weirdness & Mutations

You cannot wear boots.
Your serpentine skin is tough. (AC +1)
You have supernaturally acute eyesight. (SInv)
Armour fits poorly on your strangely shaped body.
Your system is resistant to poisons. (rPois)
You cover ground very slowly.
You have a slow metabolism.
You can spit poison.


Message History

You see here a club.
You now have 86 gold pieces (gained 7).
A hobgoblin comes into view. It is wielding a +0 club.
Casting: Sting (safe; 4% risk of failure)
Confirm with . or Enter, or press ? or * to list all spells.
Casting this spell will place you under penance.
Really cast?
Okay, then.
You barely miss the hobgoblin. The hobgoblin barely misses you.
You closely miss the hobgoblin. The hobgoblin hits you with a +0 club.
You hit the hobgoblin.
The hobgoblin is poisoned.
The hobgoblin is heavily wounded.
The hobgoblin hits you but does no damage.
You closely miss the hobgoblin.
The hobgoblin is heavily wounded.
The hobgoblin hits you but does no damage.
You closely miss the hobgoblin.
The hobgoblin is almost dead.
You kill the hobgoblin!
Trog accepts your kill.
Are you sure you want to abandon this character and quit the game? (Confirm with "yes".)

#(8..###......#.# +
#.........>##.#.# #
##..####.#..#.#.#
..#####......#......#
.........######.#.#####
........#.......#.....#
..#.#.#.#.###########.#
#.#.#...#..).#......#
#.#.##### #@##.##..# #.#
#.##.#...# #.#
#.##.#..##
#.##########.##.#..#
#...#........##.#..#
##......########.#..#
#....#..##.......#..#
##+#..#.#..##.##########
#.....#.#..##....#


There were no monsters in sight!

Vanquished Creatures
  4 gnolls (D:2)
  A worm (D:2)
  A dart slug (D:2)
  2 leopard geckos
  A giant cockroach (D:1)
  5 goblins
  3 hobgoblins
  3 jackals (D:2)
  8 kobolds
  A quokka (D:2)
  A ball python (D:2)
  2 bats
  2 frilled lizards (D:2)
  3 rats
37 creatures vanquished.

Notes
Turn   | Place    | Note
-------+----------+-------------------------------------------
     0 | D:1      | cklessthan3 the Naga Venom Mage began the quest for the
                  | Orb.
     0 | D:1      | Reached XP level 1. HP: 15/15 MP: 3/3
   208 | D:1      | Reached XP level 2. HP: 22/22 MP: 0/5
   661 | D:2      | Reached XP level 3. HP: 14/28 MP: 1/6
   819 | D:2      | Reached skill level 5 in Poison Magic
   827 | D:2      | Reached XP level 4. HP: 4/36 MP: 1/7
  1430 | D:2      | Found a bloodstained altar of Trog.
  1434 | D:2      | Became a worshipper of Trog the Wrathful
  1471 | D:2      | Quit the game

Skill      XL: |  1  2  3 |
---------------+----------+-----
Poison Magic   | 5 |  5.5
Fighting       | |  0.1
Polearms       | |  0.4
Dodging        | |  1.9
Stealth        | |  3.5
Unarmed Combat | |  0.2
Spellcasting   | |  2.4
Conjurations   | |  1.2

Action                   |  1- 3 |  4- 6 || total
-------------------------+-------+-------++-------
Melee: Unarmed           |     7 |       ||     7
       Hand axe          |     3 |       ||     3
       Spear             |    25 |    10 ||    35
 Cast: Sting             |    34 |    15 ||    49
  Use: Scroll            |     3 |       ||     3
 Stab: Sleeping          |     1 |       ||     1
  Eat: Ration            |       |     1 ||     1
Armor: Robe              |    14 |     3 ||    17
Dodge: Dodged            |    19 |     4 ||    23
